 Dungeon Crawl Stone Soup version 0.30-a0-6-g7c9e10e132 (webtiles) character file.

Game seed: 3840024922387850489

1341 SensoryNuts the Cleaver (level 8, -11/102 HPs)
             Began as a Purple Draconian Fighter on Aug 22, 2022.
             Was an Initiate of Gozag.
             Mangled by a troll (12 damage)
             ... on level 6 of the Dungeon.
             The game lasted 00:05:41 (5895 turns).

SensoryNuts the Cleaver (Purple Draconian Fighter)  Turns: 5895, Time: 00:05:42

Health: -11/102    AC: 24    Str: 26 (27) XL:     8   Next: 35%
Magic:  8/8        EV:  2    Int:  5 (8)  God:    Gozag
Gold:   497        SH: 12    Dex:  9 (11) Spells: 7/7 levels left

rFire   . . .      SeeInvis .    a - +1 war axe
rCold   . . .      Faith    .    d - +0 tower shield
rNeg    . . .      Spirit   .    (body armour unavailable)
rPois   +          Reflect  .    (helmet currently unavailable)
rElec   .          Harm     .    (cloak currently unavailable)
rCorr   .          Rampage  .    (gloves currently unavailable)
Will    +....      NoTele   +    (boots currently unavailable)
Stlth   +.........               (no amulet)
HPRegen 0.27/turn                o - +6 ring of strength
MPRegen 0.11/turn                (no ring)

@: lethally poisoned (-11 -> -12), tree-form, gold aura
A: stationary, stasis, torment immunity, boosted hp, (breathe power), AC +6,
unfitting armour, (cold-blooded)
a: Renounce Religion, Potion Petition, Call Merchant, Bribe Branch


You were on level 6 of the Dungeon.
You worshipped Gozag.
Gozag was aware of your devotion.
You were a tree.
You visited 2 branches of the dungeon, and saw 7 of its levels.

You collected 569 gold pieces.
You paid 72 gold pieces to Gozag.

Inventory:

Hand Weapons
 a - a +1 war axe (weapon)
Armour
 d - a +0 tower shield (worn)
Jewellery
 f - an amulet of magic regeneration
 o - a +6 ring of strength (left branch)
Wands
 k - a wand of iceblast (16)
 r - a wand of quicksilver (16)
Scrolls
 c - a scroll of enchant weapon
 g - a scroll of immolation
 j - a scroll of enchant armour
 l - 2 scrolls of vulnerability
 m - a scroll of noise
Potions
 h - 2 potions of lignification
 i - a potion of attraction


   Skills:
 + Level 5.2 Fighting
 * Level 8.0 Axes
 + Level 4.6 Dodging
 + Level 1.5 Stealth
 + Level 4.2 Shields


You had 7 spell levels left.
You didn't know any spells.
Your spell library contained the following spells:

 Spells                   Type           Power      Damage    Failure   Level
 Apportation              Tloc           0%         N/A       99%         1
 Necrotise                Necr           0%         1d4       99%         1
 Vampiric Draining        Necr           0%         2d6       100%        3
 Agony                    Necr           0%         N/A       100%        5
 Alistair's Intoxication  Tmut/Pois      0%         N/A       100%        5


Dungeon Overview and Level Annotations

Branches:
Dungeon (6/15)             Temple (1/1) D:4

Altars:
Ashenzari
Cheibriados
Elyvilon
Fedhas
Gozag
Hepliaklqana
Kikubaaqudgha
Makhleb
Nemelex Xobeh
Okawaru
Qazlal
Ru
Sif Muna
Trog
Uskayaw
Vehumet
Wu Jian
Xom
Yredelemnul
Zin
The Shining One

Shops:
D:1 !   D:2 (


Innate Abilities, Weirdness & Mutations

You are a tree.
Your roots penetrate the ground, keeping you stationary.
You cannot be teleported.
You are immune to unholy pain and torment.
Your maximum health is greatly increased.
Your equipment is partially melded.
((You can breathe bolts of dispelling energy.))
((Your rich purple scales are hard. (AC +6)))
You cannot fit into any form of body armour.
((You are cold-blooded and may be slowed by cold attacks.))


Message History

The black bear bites you but does no damage.
You block the black bear's attack. x2; The troll bites you!
* * * LOW HITPOINT WARNING * * *
The troll claws you but does no damage. x2
The black bear bites you but does no damage.
The black bear claws you but does no damage. x2
The troll barely misses you. The troll claws you but does no damage.
The troll barely misses you.
As you read the scroll of summoning, it crumbles to dust.
Wisps of shadow whirl around you...
You feel sick.
The black bear bites you but does no damage.
You block the black bear's attack. The black bear barely misses you.
The black bear bites you but does no damage.
The black bear claws you but does no damage. x2
The troll bites you but does no damage. You block the troll's attack.
The troll completely misses you.
You closely miss the troll.
The troll is moderately wounded.
You barely miss the black bear.
You feel sick. You block the black bear's attack. x2
The black bear claws you but does no damage.
You block the black bear's attack.
The black bear claws you but does no damage. x2
You block the troll's attack. The troll claws you.
* * * LOW HITPOINT WARNING * * *
The troll barely misses you.
You hit the troll.
The troll is moderately wounded.
You closely miss the black bear.
You feel sick.
The black bear bites you but does no damage.
The black bear claws you but does no damage.
You block the black bear's attack. The troll bites you but does no damage.
The troll claws you but does no damage. You block the troll's attack.
The black bear bites you but does no damage.
The black bear claws you.
* * * LOW HITPOINT WARNING * * *
The black bear claws you but does no damage.
The troll bites you!
You die...
Your body crumbles into a pile of gold.

####### .#....# #..).. ##
#....##... +.........
#......... #lW....... ##
#♣### #+###.##########Th.#
........#...>...J..##
........+...........#
......##..##......#
#...##..##.....#######
#...##..##.....##....##
.##.......##.....##.....#
.........(.#.............#


You could see a troll (ally target), a black bear (berserk), a jelly, a friendly
phantom (summoned) and a friendly iguana (summoned).

Vanquished Creatures
  Pikel (D:4)
  A black bear (D:4)
  An ogre (D:5)
  2 phantoms
  A centaur (D:5)
  4 scorpions
  A hound (D:5)
  Crazy Yiuf (D:2)
  Terence (D:3)
  Ijyb (D:4)
  Robin (D:4)
  7 adders
  An ufetubus (D:5)
  3 dart slugs
  10 orcs
  3 bats
  2 endoplasms
  4 giant cockroaches
  12 goblins
  7 hobgoblins
  2 jackals (D:3)
  7 kobolds
  6 quokkas
  6 ball pythons
  3 frilled lizards
  3 rats (D:1)
91 creatures vanquished.

Notes
Turn   | Place    | Note
-------+----------+-------------------------------------------
     0 | D:1      | SensoryNuts the Draconian Fighter began the quest for the
                  | Orb.
     0 | D:1      | Reached XP level 1. HP: 19/19 MP: 1/1
   188 | D:1      | Reached XP level 2. HP: 26/26 MP: 2/2
   567 | D:1      | Found Xurromewn's Distillery.
   731 | D:1      | Found a faded altar of an unknown god.
  1250 | D:2      | Found Zeb Hale's Weapon Shop.
  1315 | D:2      | Reached XP level 3. HP: 33/33 MP: 3/3
  1466 | D:2      | Found a runed translucent door.
  1467 | D:2      | Noticed Crazy Yiuf
  1685 | D:2      | Killed Crazy Yiuf
  1686 | D:2      | Reached skill level 3 in Axes
  2016 | D:3      | Reached XP level 4. HP: 34/40 MP: 4/4
  2238 | D:3      | Noticed a phantom
  2249 | D:3      | Killed a phantom
  2250 | D:3      | Reached XP level 5. HP: 24/46 MP: 5/5
  2506 | D:3      | Noticed Terence
  2514 | D:3      | Killed Terence
  2515 | D:3      | Reached skill level 4 in Axes
  3062 | D:4      | Noticed a phantom
  3072 | D:4      | Killed a phantom
  3107 | D:4      | Noticed a lemure
  3107 | D:4      | Noticed a lemure
  3107 | D:4      | Noticed a lemure
  3108 | D:4      | Noticed Pikel
  3113 | D:4      | Noticed a lemure
  3131 | D:4      | Killed Pikel
  3132 | D:4      | Reached skill level 6 in Axes
  3132 | D:4      | Reached skill level 1 in Stealth
  3132 | D:4      | Reached XP level 6. HP: 46/53 MP: 6/6
  3132 | D:4      | Your scales start taking on a rich purple colour.
  3132 | D:4      | Reached XP level 7. HP: 53/60 MP: 7/7
  3221 | D:4      | Found a staircase to the Ecumenical Temple.
  3312 | Temple   | Entered the Ecumenical Temple
  3482 | Temple   | Became a worshipper of Gozag Ym Sagoz the Greedy
  3522 | D:4      | Noticed Ijyb
  3524 | D:4      | Noticed Robin
  3540 | D:4      | Killed Robin
  3542 | D:4      | Killed Ijyb
  3557 | D:4      | Reached skill level 7 in Axes
  3560 | D:4      | HP: 3/90 [adder (2)]
  3566 | D:4      | HP: 2/90 [adder (1)]
  4461 | D:5      | Entered Level 5 of the Dungeon
  4693 | D:5      | Reached skill level 5 in Fighting
  4693 | D:5      | Reached XP level 8. HP: 42/68 MP: 8/8
  5867 | D:6      | Noticed a troll
  5890 | D:6      | Reached skill level 8 in Axes
  5894 | D:6      | HP: 5/102 [poisoned by a scorpion]
  5895 | D:6      | HP: 1/102 [black bear (3)]
  5895 | D:6      | Mangled by a troll

Illustrated notes

Levels and vault maps discovered:
D:1:      co_arrival_square_in_a_square_in_a_square, layout_loops_ring,
          serial_shops, nicolae_lakefront_shop,
          chequers_ecumenical_altar_twisty, minivault_24
D:2:      layout_loops_ring, serial_shops, nicolae_shop_bloodbath_and_beyond,
          chequers_serial_rivers_large_a, kennysheep_nondescript,
          uniq_crazy_yiuf_cottage
D:3:      layout_rooms, serial_co_window_serial, co_window_of_opportunity_a,
          co_window_paths_b, co_window_corner_a, co_window_paths_b,
          co_window_paths_b, co_window_corner_a, co_window_corner_a,
          co_window_broadway_c, co_window_of_opportunity_b,
          co_window_broadway_b, co_window_cross_2, glass_columns_a,
          glass_columns_a, glass_columns_a, glass_columns_a, uniq_terence
D:4:      layout_rooms, minmay_temple_entry_waves, gup_sewer_entry_bowl,
          nicolae_zen_rock_garden, grunt_ministairs_8, corner_web_ring,
          uniq_robin, uniq_pikel, uniq_ijyb
D:5:      layout_basic
D:6:      layout_gridville, uniq_menkaure, uniq_blork_the_orc,
          uniq_prince_ribbit1
Temple:   kilobyte_greek_temple

Skill      XL: |  1  2  3  4  5  6  7  8 |
---------------+-------------------------+-----
Dodging        | 3 4 |  4.6
Axes           | 3 6 7 8 |  8.0
Fighting       | 4 5 |  5.2
Stealth        | 1 |  1.5
Shields        | 4 |  4.2

Action                   |  1- 3 |  4- 6 |  7- 9 || total
-------------------------+-------+-------+-------++-------
Melee: War axe           |    89 |    62 |   162 ||   313
       Tailslap          |     5 |     5 |    15 ||    25
  Use: Potion            |     1 |     4 |    12 ||    17
       Scroll            |       |       |     9 ||     9
 Stab: Sleeping          |       |       |     2 ||     2
       Distracted        |       |       |     1 ||     1
Armor: Skin              |    28 |    25 |   114 ||   167
Dodge: Dodged            |    54 |    25 |   148 ||   227
Block: Buckler           |    22 |    12 |    50 ||    84
       Tower shield      |       |       |    31 ||    31

Table legend: (Time is in decaauts)
 A = Elapsed time spent in this place.
 B = Non-inter-level travel time spent in this place.
 C = Inter-level travel time spent in this place.
 D = Time resting spent in this place.
 E = Time spent auto-exploring this place.
 F = Levels seen in this place.
 G = Mean time per level.
                   A        B        C        D        E       F      G
               +--------+--------+--------+--------+--------+-----+--------+
         Total |   6021 |   5731 |    290 |    142 |   4747 |   7 |  860.1 |
       Dungeon |   5814 |   5591 |    223 |    142 |   4615 |   6 |  969.0 |
        Temple |    206 |    139 |     67 |      0 |    132 |   1 |  206.0 |
               +--------+--------+--------+--------+--------+-----+--------+

Top non-repeatable levels by time:
     D:5: 1344 daAuts
     D:4: 1232 daAuts
     D:2: 1206 daAuts
     D:3: 1066 daAuts
     D:1: 852 daAuts
  Temple: 206 daAuts
     D:6: 112 daAuts
